TOP OF THE 1ST |
Intercourse Amish batting - Pitching for Wilmington Rebels : RHP Fernando Fuentes
|
Pitching: RHP Fernando Fuentes
|
|
Batting: RHB Joel Hebert
|
0-0: Ball 1-0: Ball 2-0: Ball 3-0: Base on Balls
|
Batting: LHB Carlos De La Rosa
|
0-0: SINGLE (Line Drive, 7S) Joel Hebert to second
|
Batting: RHB Júlio Serra
|
0-0: SINGLE (Groundball, 56) (infield hit) Joel Hebert to third Carlos De La Rosa to second
|
Batting: RHB Gustavo Rodríguez
|
0-0: Ball 1-0: Ball 2-0: Foul Ball, location: 2F 2-1: Swinging Strike 2-2: Hit by Pitch Joel Hebert scores Carlos De La Rosa to third Júlio Serra to second
|
Batting: RHB Frank Maxwell
|
0-0: Ball 1-0: Ball 2-0: Foul Ball, location: 2F 2-1: Ball 3-1: SINGLE (Groundball, 34S) (infield hit) Carlos De La Rosa scores Júlio Serra to third Gustavo Rodríguez to second
|
Batting: SHB Sean Moody
|
0-0: Ball 1-0: Swinging Strike 1-1: Ball 2-1: Foul Ball, location: 2F 2-2: Foul Ball, location: 2F 2-2: Fly out, F7 (Flyball, 7S)
|
Batting: SHB Conan Hanson
|
0-0: Ball 1-0: Ball 2-0: Hit by Pitch Júlio Serra scores Gustavo Rodríguez to third Frank Maxwell to second
|
Batting: SHB Frank Grant
|
0-0: Ball 1-0: Foul Ball, location: 2F 1-1: Ball 2-1: Ball 3-1: Foul Ball, location: 2F 3-2: Strikes out looking
|
Batting: RHB Roberto Solís
|
0-0: Foul Ball, location: 2F 0-1: Ball 1-1: Fly out, F6 (Line Drive, 6)
|
Top of the 1st over - 3 runs, 3 hits, 0 errors, 3 left on base; Intercourse 3 - Wilmington 0 |
BOTTOM OF THE 1ST |
Wilmington Rebels batting - Pitching for Intercourse Amish : RHP Danny Clayton
|
Pitching: RHP Danny Clayton
|
|
Batting: RHB Miguel Cervantes
|
0-0: Ball 1-0: SINGLE (Groundball, 56D)
|
Batting: RHB Pedro Zavala
|
0-0: Ball 1-0: Grounds into double play, 6-4-3 (Groundball, 6)
|
Batting: RHB Guillermo González
|
0-0: Ball 1-0: Called Strike 1-1: Foul Ball, location: 2F 1-2: Strikes out looking
|
Bottom of the 1st over - 0 runs, 1 hit, 0 errors, 0 left on base; Intercourse 3 - Wilmington 0 |
TOP OF THE 2ND |
Intercourse Amish batting - Pitching for Wilmington Rebels : RHP Fernando Fuentes
|
Batting: RHB Joel Hebert
|
0-0: Ball 1-0: Ball 2-0: Ball 3-0: Base on Balls
|
Batting: LHB Carlos De La Rosa
|
0-0: Ball 1-0: Called Strike 1-1: Ball 2-1: Fly out, F8 (Flyball, 78M)
|
Batting: RHB Júlio Serra
|
0-0: Called Strike 0-1: Ball 1-1: Swinging Strike 1-2: Foul Ball, location: 2F 1-2: Foul Ball, location: 2F 1-2: Ball 2-2: Foul Ball, location: 2F 2-2: Reached on error, E8 (Line Drive, 8LM) Joel Hebert to second
|
Batting: RHB Gustavo Rodríguez
|
0-0: Called Strike 0-1: Foul Ball, location: 2F 0-2: Strikes out swinging
|
Batting: RHB Frank Maxwell
|
0-0: Ball 1-0: Ball 2-0: Called Strike 2-1: Ball 3-1: Base on Balls Joel Hebert to third Júlio Serra to second
|
Batting: SHB Sean Moody
|
0-0: Ball 1-0: Called Strike 1-1: Foul Ball, location: 2F 1-2: Foul Ball, location: 2F 1-2: Ground out U3 (Groundball, 3L)
|
Top of the 2nd over - 0 runs, 0 hits, 1 error, 3 left on base; Intercourse 3 - Wilmington 0 |
BOTTOM OF THE 2ND |
Wilmington Rebels batting - Pitching for Intercourse Amish : RHP Danny Clayton
|
Batting: LHB Marv Alexander
|
0-0: Ball 1-0: Ball 2-0: Ball 3-0: Base on Balls
|
Batting: RHB Tucker Cooper
|
0-0: Called Strike 0-1: Reached on error, E4 (Groundball, 4) Marv Alexander to second
|
Batting: RHB Henry Dawson
|
0-0: Ball Marv Alexander steals 3rd base Tucker Cooper to second 1-0: Called Strike 1-1: Fly out, F9 (Flyball, 9LS)
|
Batting: LHB Seth Sullivan
|
0-0: Ball 1-0: Ball 2-0: Ball 3-0: Ground out 6-3 (Groundball, 6) Marv Alexander scores
|
Batting: LHB Alberto Castellanos
|
0-0: Called Strike 0-1: Foul Ball, location: 2F 0-2: SINGLE (Flyball, 89M) Tucker Cooper to third Runner from 3rd tries for Home, SAFE, no throw
|
Batting: RHB José Fajardo
|
0-0: Ball Alberto Castellanos is caught stealing 2nd base
|
Bottom of the 2nd over - 2 runs, 1 hit, 1 error, 0 left on base; Intercourse 3 - Wilmington 2 |
TOP OF THE 3RD |
Intercourse Amish batting - Pitching for Wilmington Rebels : RHP Fernando Fuentes
|
Batting: SHB Conan Hanson
|
0-0: Ball 1-0: Called Strike 1-1: Fly out, F7 (Flyball, 7LS)
|
Batting: SHB Frank Grant
|
0-0: Swinging Strike 0-1: Bunt for hit - play at first, batter OUT! 1-3
|
Batting: RHB Roberto Solís
|
0-0: Ball 1-0: Ball 2-0: Called Strike 2-1: Ball 3-1: Ground out 6-3 (Groundball, 6M)
|
Top of the 3rd over - 0 runs, 0 hits, 0 errors, 0 left on base; Intercourse 3 - Wilmington 2 |
BOTTOM OF THE 3RD |
Wilmington Rebels batting - Pitching for Intercourse Amish : RHP Danny Clayton
|
Batting: RHB José Fajardo
|
0-0: SINGLE (Line Drive, 4)
|
Batting: RHB Miguel Cervantes
|
0-0: Called Strike 0-1: Ball 1-1: Foul Ball, location: 2F 1-2: Strikes out looking
|
Batting: RHB Pedro Zavala
|
0-0: Called Strike 0-1: Swinging Strike 0-2: Reached on error, E5 (Groundball, 56S) José Fajardo to third
|
Batting: RHB Guillermo González
|
0-0: Fly out, F9 (Flyball, 9LSF) Runner from 3rd tags up, SCORES, no throw
|
Batting: LHB Marv Alexander
|
0-0: Called Strike 0-1: Ball 1-1: Ball 2-1: Ball 3-1: Base on Balls
|
Batting: RHB Tucker Cooper
|
0-0: SINGLE (Flyball, 78M) Pedro Zavala to third Marv Alexander to second Runner from 3rd tries for Home, SAFE, no throw
|
Batting: RHB Henry Dawson
|
0-0: Ball 1-0: Called Strike 1-1: Ball 2-1: DOUBLE (Line Drive, 9LM) Marv Alexander scores Tucker Cooper to third Runner from 3rd tries for Home, SAFE, no throw
|
Pitching: LHP Rodrigo Álvarez
|
|
Batting: LHB Seth Sullivan
|
0-0: SINGLE (Line Drive, 78M) Henry Dawson to third Runner from 3rd tries for Home, SAFE, throw made home Seth Sullivan to second
|
Batting: LHB Alberto Castellanos
|
0-0: Ball 1-0: Ground out 4-3 (Groundball, 34)
|
Bottom of the 3rd over - 5 runs, 4 hits, 1 error, 1 left on base; Intercourse 3 - Wilmington 7 |
TOP OF THE 4TH |
Intercourse Amish batting - Pitching for Wilmington Rebels : RHP Fernando Fuentes
|
Batting: RHB Joel Hebert
|
0-0: Fly out, F7 (Line Drive, 78S)
|
Batting: LHB Carlos De La Rosa
|
0-0: Foul Ball, location: 2F 0-1: Fly out, F7 (Flyball, 78M)
|
Batting: RHB Júlio Serra
|
0-0: Ball 1-0: Foul Ball, location: 2F 1-1: Called Strike 1-2: Ball 2-2: Foul Ball, location: 2F 2-2: Ground out 4-3 (Groundball, 4)
|
Top of the 4th over - 0 runs, 0 hits, 0 errors, 0 left on base; Intercourse 3 - Wilmington 7 |
BOTTOM OF THE 4TH |
Wilmington Rebels batting - Pitching for Intercourse Amish : LHP Rodrigo Álvarez
|
Batting: RHB José Fajardo
|
0-0: Ball 1-0: Foul Ball, location: 2F 1-1: Ball 2-1: Foul Ball, location: 2F 2-2: Ball 3-2: Strikes out swinging
|
Batting: RHB Miguel Cervantes
|
0-0: Ground out 5-3 (Groundball, 56)
|
Batting: RHB Pedro Zavala
|
0-0: Ball 1-0: Foul Ball, location: 2F 1-1: Swinging Strike 1-2: Foul Ball, location: 2F 1-2: Strikes out swinging
|
Bottom of the 4th over - 0 runs, 0 hits, 0 errors, 0 left on base; Intercourse 3 - Wilmington 7 |
TOP OF THE 5TH |
Intercourse Amish batting - Pitching for Wilmington Rebels : RHP Fernando Fuentes
|
Batting: RHB Gustavo Rodríguez
|
0-0: Ball 1-0: Ball 2-0: Ball 3-0: Swinging Strike 3-1: Foul Ball, location: 2F 3-2: Foul Ball, location: 2F 3-2: Strikes out swinging
|
Batting: RHB Frank Maxwell
|
0-0: DOUBLE (Line Drive, 89XD)
|
Batting: SHB Sean Moody
|
0-0: Called Strike 0-1: Ball 1-1: Ball 2-1: Ball 3-1: Base on Balls
|
Pitching: RHP William Gallegos
|
|
Batting: SHB Conan Hanson
|
0-0: Called Strike 0-1: Ball 1-1: Foul Ball, location: 2F 1-2: Foul Ball, location: 2F 1-2: Ball 2-2: Strikes out looking
|
Batting: SHB Frank Grant
|
0-0: 3-RUN HOME RUN (Flyball, 9D), Distance : 374 ft
|
Batting: RHB Roberto Solís
|
0-0: Ball 1-0: Ball 2-0: Ball 3-0: Base on Balls
|
Batting: RHB Joel Hebert
|
0-0: Ball 1-0: Fly out, F9 (Flyball, 9LSF)
|
Top of the 5th over - 3 runs, 2 hits, 0 errors, 1 left on base; Intercourse 6 - Wilmington 7 |
BOTTOM OF THE 5TH |
Wilmington Rebels batting - Pitching for Intercourse Amish : LHP Rodrigo Álvarez
|
Batting: RHB Guillermo González
|
0-0: Ball 1-0: Ball 2-0: Called Strike 2-1: SINGLE (Line Drive, 56)
|
Batting: LHB Marv Alexander
|
0-0: Ball 1-0: Ball Guillermo González steals 2nd base 2-0: Called Strike 2-1: Called Strike 2-2: SINGLE (Groundball, 4MD) Guillermo González to third
|
Batting: RHB Tucker Cooper
|
0-0: Ball 1-0: Called Strike 1-1: Ground out 5-3 (Groundball, 56S) Guillermo González scores Marv Alexander to second
|
Batting: RHB Henry Dawson
|
0-0: Fly out, F8 (Line Drive, 8LXD) Runner from 2nd tags up, SAFE at 3rd, no throw
|
Batting: LHB Seth Sullivan
|
0-0: Called Strike 0-1: Swinging Strike 0-2: Ball 1-2: Foul Ball, location: 2F 1-2: Ground out 4-3 (Groundball, 34D)
|
Bottom of the 5th over - 1 run, 2 hits, 0 errors, 1 left on base; Intercourse 6 - Wilmington 8 |
TOP OF THE 6TH |
Intercourse Amish batting - Pitching for Wilmington Rebels : RHP William Gallegos
|
Batting: LHB Carlos De La Rosa
|
0-0: Called Strike 0-1: Foul Ball, location: 2F 0-2: Ball 1-2: SOLO HOME RUN (Line Drive, 9LD), Distance : 355 ft
|
Batting: RHB Júlio Serra
|
0-0: Called Strike 0-1: Ground out 6-3 (Groundball, 6)
|
Batting: RHB Gustavo Rodríguez
|
0-0: Foul Ball, location: 2F 0-1: Foul Ball, location: 2F 0-2: Foul Ball, location: 2F 0-2: Ball 1-2: Ball 2-2: Fly out, F8 (Flyball, 8LS)
|
Batting: RHB Frank Maxwell
|
0-0: Foul Ball, location: 2F 0-1: Called Strike 0-2: Strikes out swinging
|
Top of the 6th over - 1 run, 1 hit, 0 errors, 0 left on base; Intercourse 7 - Wilmington 8 |
BOTTOM OF THE 6TH |
Wilmington Rebels batting - Pitching for Intercourse Amish : LHP Rodrigo Álvarez
|
Batting: LHB Alberto Castellanos
|
0-0: Called Strike 0-1: Ball 1-1: Ball 2-1: Called Strike 2-2: Ball 3-2: SINGLE (Groundball, 3L) (infield hit)
|
Batting: RHB José Fajardo
|
0-0: Ball 1-0: Swinging Strike 1-1: Ball 2-1: Foul Ball, location: 2F 2-2: Ball 3-2: Foul Ball, location: 2F 3-2: Base on Balls Alberto Castellanos to second
|
Batting: RHB Miguel Cervantes
|
0-0: Called Strike 0-1: Foul Ball, location: 2F 0-2: Ball 1-2: Ball 2-2: Ball 3-2: Fly out, F4 (Popup, 34D)
|
Batting: RHB Pedro Zavala
|
0-0: Called Strike Alberto Castellanos is caught stealing 3rd base 0-1: Ball 1-1: Ball 2-1: Foul Ball, location: 2F 2-2: Fly out, F5 (Line Drive, 5)
|
Bottom of the 6th over - 0 runs, 1 hit, 0 errors, 1 left on base; Intercourse 7 - Wilmington 8 |
TOP OF THE 7TH |
Intercourse Amish batting - Pitching for Wilmington Rebels : RHP William Gallegos
|
Batting: SHB Sean Moody
|
0-0: Called Strike 0-1: Ball 1-1: Fly out, F7 (Line Drive, 7LM)
|
Batting: SHB Conan Hanson
|
0-0: Called Strike 0-1: Called Strike 0-2: Ball 1-2: Strikes out swinging
|
Batting: SHB Frank Grant
|
0-0: Swinging Strike 0-1: Called Strike 0-2: Foul Ball, location: 2F 0-2: Ball 1-2: Ball 2-2: Foul Ball, location: 2F 2-2: Foul Ball, location: 2F 2-2: Strikes out swinging
|
Top of the 7th over - 0 runs, 0 hits, 0 errors, 0 left on base; Intercourse 7 - Wilmington 8 |
BOTTOM OF THE 7TH |
Wilmington Rebels batting - Pitching for Intercourse Amish : LHP Rodrigo Álvarez
|
Batting: RHB Guillermo González
|
0-0: Ground out 4-3 (Groundball, 4)
|
Batting: LHB Marv Alexander
|
0-0: Ball 1-0: Called Strike 1-1: Ball 2-1: Ball 3-1: Foul Ball, location: 2F 3-2: Strikes out swinging
|
Batting: RHB Tucker Cooper
|
0-0: Fly out, F9 (Line Drive, 9D)
|
Bottom of the 7th over - 0 runs, 0 hits, 0 errors, 0 left on base; Intercourse 7 - Wilmington 8 |
TOP OF THE 8TH |
Intercourse Amish batting - Pitching for Wilmington Rebels : RHP William Gallegos
|
Pitching: RHP John Allen
|
|
Batting: RHB Roberto Solís
|
0-0: Ball 1-0: Ground out 4-3 (Groundball, 34)
|
Batting: RHB Joel Hebert
|
0-0: Ball 1-0: Ball 2-0: Ball 3-0: Called Strike 3-1: Foul Ball, location: 2F 3-2: Fly out, F8 (Flyball, 78D)
|
Batting: LHB Carlos De La Rosa
|
0-0: Called Strike 0-1: Fly out, F5 (Popup, 56S)
|
Top of the 8th over - 0 runs, 0 hits, 0 errors, 0 left on base; Intercourse 7 - Wilmington 8 |
BOTTOM OF THE 8TH |
Wilmington Rebels batting - Pitching for Intercourse Amish : LHP Rodrigo Álvarez
|
Batting: RHB Henry Dawson
|
0-0: Ball 1-0: Swinging Strike 1-1: Ball 2-1: Ball 3-1: Base on Balls
|
Pitching: RHP José Gonzáles
|
|
Batting: LHB Seth Sullivan
|
0-0: Bunt missed! 0-1: Ball 1-1: Bunt missed! 1-2: Foul Ball, location: 2F 1-2: Foul Ball, location: 2F 1-2: Fly out, F4 (Line Drive, 4)
|
Batting: LHB Alberto Castellanos
|
0-0: Fly out, F9 (Flyball, 89S)
|
Batting: RHB José Fajardo
|
0-0: Ball 1-0: Ball 2-0: 2-RUN HOME RUN (Flyball, 7D), Distance : 366 ft
|
Batting: RHB Miguel Cervantes
|
0-0: Called Strike 0-1: Ball 1-1: Ball 2-1: Foul Ball, location: 2F 2-2: Strikes out looking
|
Bottom of the 8th over - 2 runs, 1 hit, 0 errors, 0 left on base; Intercourse 7 - Wilmington 10 |
TOP OF THE 9TH |
Intercourse Amish batting - Pitching for Wilmington Rebels : RHP John Allen
|
Batting: RHB Júlio Serra
|
0-0: Ball 1-0: Ground out 5-3 (Groundball, 56S)
|
Batting: RHB Gustavo Rodríguez
|
0-0: Ball 1-0: Ball 2-0: Called Strike 2-1: Foul Ball, location: 2F 2-2: Ground out U3 (Groundball, 3)
|
Batting: RHB Frank Maxwell
|
0-0: Ball 1-0: Foul Ball, location: 2F 1-1: Ball 2-1: Foul Ball, location: 2F 2-2: Ball 3-2: Fly out, F8 (Flyball, 8RS)
|
Top of the 9th over - 0 runs, 0 hits, 0 errors, 0 left on base; Intercourse 7 - Wilmington 10 |
|